 Dungeon Crawl Stone Soup version 0.29.0-4-gdea44cf6ec (webtiles) character file.

Game seed: 3546952640277159414

523 qw the Cleaver (level 7, -1/43 (50) HPs)
             Began as a Barachi Chaos Knight on Sept 5, 2022.
             Slain by a wight
             ... wielding a +3 hand axe
              (5 damage)
             ... on level 4 of the Dungeon.
             The game lasted 00:01:20 (4026 turns).

qw the Cleaver (Barachi Chaos Knight)               Turns: 4026, Time: 00:01:21

HP:   -1/43 (50)    AC:  8    Str: 19    XL:     7   Next: 22%
MP:   7/7           EV: 10    Int: 11    God:
Gold: 148           SH:  0    Dex: 11    Spells: 6/6 levels left

rFire   + . .      SeeInvis .   Y - +1 hand axe (drain)
rCold   + . .      Faith    .   (no shield)
rNeg    . . .      Spirit   .   h - +3 scale mail {rF+}
rPois   +          Reflect  .   b - +1 helmet
rElec   .          Harm     .   (no cloak)
rCorr   .          Rampage  .   (no gloves)
Will    .....                   (no boots)
Stlth   ..........              (no amulet)
HPRegen 0.14/turn               (no ring)
MPRegen 0.10/turn               (no ring)

@: about to teleport, heavily drained, slow
A: amphibious, slowness 1, strong legs 1, +LOS, cold resistance 1, deformed
body, frail 1, passive freeze, poison resistance, strong 1, inability to read
after injury 1
a: Hop


You were on level 4 of the Dungeon.
You visited 1 branch of the dungeon, and saw 4 of its levels.

You collected 183 gold pieces.
You spent 35 gold pieces at shops.


Innate Abilities, Weirdness & Mutations

You are amphibious.
You cover ground slowly.
You can hop short distances.
You have an extended range of vision and can be seen from far away.
Your flesh is cold resistant. (rC+)
Armour fits poorly on your strangely shaped body.
You are frail. (-10% HP)
A frigid envelope surrounds you and freezes all who hurt you.
Your system is resistant to poisons. (rPois)
Your muscles are strong. (Str +4, Int/Dex -1)
You occasionally lose the ability to read scrolls when taking damage.


   Skills:
 - Level 5.1 Fighting
 - Level 8.0 Axes
 - Level 2.4 Armour
 + Level 1.6 Dodging


You had 6 spell levels left.
You didn't know any spells.
Your spell library was empty.

Inventory:

Hand Weapons
 g - a +0 flail
 Y - a +1 hand axe of draining (weapon)
Missiles
 j - 2 boomerangs (quivered)
Armour
 b - a +1 helmet (worn)
 h - a +3 scale mail of fire resistance (worn)
 k - a +0 pair of gloves
Scrolls
 a - a scroll of enchant armour {unknown}
 f - a scroll of identify
Potions
 d - a potion of heal wounds {unknown}
 i - 3 potions of curing
Miscellaneous
 c - a piece from Xom's chessboard (15/15)

Dungeon Overview and Level Annotations

Branches:
Dungeon (4/15)
 Temple: D:4-7

Altars:
Cheibriados
Xom

Shops:
D:2 (


Message History

The wight is heavily damaged.
You hit the wight.
The wight is heavily damaged.
The wight barely misses you.
You hit the wight but do no damage.
The wight is heavily damaged.
You hit the wight.
The wight hits you with a +3 short sword of freezing!
You feel drained. The wight freezes you.
The wight resists.
The wight is very cold.
The wight is heavily damaged.
The wight hits you from afar with a +0 trident.
You feel drained. The wight barely misses you.
You hit the wight but do no damage.
The wight is heavily damaged.
You hit the wight but do no damage.
The wight hits you with a +3 short sword of freezing.
You feel drained.
The wight resists.
The wight is very cold.
The wight is heavily damaged.
The wight hits you but does no damage. x2; The wight completely resists.
You hit the wight.
The wight is severely damaged.
You barely miss the wight.
The wight hits you with a +3 short sword of freezing.
You feel drained. The wight freezes you.
The wight resists.
The wight is very cold.
The wight is severely damaged.
The wight hits you from afar with a +0 trident.
You feel drained. The wight hits you with a +3 hand axe.
The wight resists.
The wight is very cold.
The wight is severely damaged.
4026 ||| READING scroll of teleportation.
As you read the scroll of teleportation, it crumbles to dust.
You feel strangely unstable.
The wight hits you with a +3 short sword of freezing.
You feel drained.
The wight resists.
The wight is very cold.
The wight is severely damaged.
The wight barely misses you. The wight hits you with a +3 hand axe.
You die...
Xom roars with laughter!

#..........#
#.###.###..#
#.###.###..#
#.##........ .
#.##..###..#
..z.######
#.##........
#..z>z.#
#..........#
#z######.###.###.#
#@z......# #.....#
#..#####.###.#####
#####..# #.....#
#......#######.###
#.###..........# #
####.#############
#.# #..... #.#
#.#### #.. ##..###


You could see 3 wights.

Vanquished Creatures
  Edmund (D:4)
  An orc priest (D:4)
  A gnoll bouda (D:4)
  A jelly (D:3)
  2 iguanas (D:4)
  Terence (D:2)
  4 orc wizards
  A mummy (D:3)
  3 gnolls (D:4)
  4 adders
  2 worms
  3 dart slugs
  11 orcs
  3 endoplasms
  2 giant cockroaches
  3 goblins
  5 hobgoblins (D:2)
  2 quokkas
  A ball python (D:2)
  3 bats
  A frilled lizard (D:1)
  5 kobolds
  3 rats
63 creatures vanquished.

Vanquished Creatures (others)
  A plant (D:4)
1 creature vanquished.

Grand Total: 64 creatures vanquished

Notes
Turn   | Place    | Note
-------+----------+-------------------------------------------
     0 | D:1      | qw the Barachi Chaos Knight began the quest for the Orb.
     0 | D:1      | Reached XP level 1. HP: 18/18 MP: 1/1
     0 | D:1      | Noticed a dwarf
     0 | D:1      | 0 ||| qw: Version: 0.1-a-104-g96f76f8
     0 | D:1      | 0 ||| qw: Game counter: 5852
     0 | D:1      | 0 ||| qw: Always use a shield: true
     0 | D:1      | 0 ||| qw: God list: Okawaru
     0 | D:1      | 0 ||| qw: Allow faded altars: false
     0 | D:1      | 0 ||| qw: Do Orc after D:15 true
     0 | D:1      | 0 ||| qw: Do second Lair branch before Depths: true
     0 | D:1      | 0 ||| qw: Lair rune preference: random
     0 | D:1      | 0 ||| qw: Plans: Normal
     0 | D:1      | 0 ||| PLANNING D:1-11
     0 | D:1      | Fell from the grace of Xom
     2 | D:1      | Noticed a troll
     4 | D:1      | Noticed an ogre
     4 | D:1      | Noticed a naga
     6 | D:1      | Noticed a draconian
     7 | D:1      | Noticed a barachi
     9 | D:1      | Noticed a tengu
    10 | D:1      | Noticed a spriggan
    12 | D:1      | Noticed an ogre
    14 | D:1      | Noticed a draconian
    14 | D:1      | Noticed a draconian
    15 | D:1      | Noticed a draconian
    16 | D:1      | Noticed a dwarf
    16 | D:1      | Noticed a dwarf
    18 | D:1      | Noticed a minotaur
    18 | D:1      | Noticed a formicid
    18 | D:1      | Noticed an ogre
    20 | D:1      | Noticed a dwarf
    20 | D:1      | Noticed a draconian
    21 | D:1      | Noticed an ogre
   242 | D:1      | Found a faded altar of an unknown god.
   884 | D:1      | 884 ||| READING scroll labelled WINNUKHL POVIA.
   885 | D:1      | 885 ||| READING scroll labelled LIYTZOI KUSIZ.
   886 | D:1      | 886 ||| READING scroll labelled UTUBOD MAWAX.
   890 | D:1      | 890 ||| READING scroll labelled YBYNKI JETUFIKK.
   891 | D:1      | 891 ||| READING scroll labelled MURACUUNUE.
   992 | D:1      | 992 ||| READING scroll labelled ROGYKHOFYK.
   993 | D:1      | 993 ||| DRINKING 2 lumpy puce potions.
   994 | D:1      | 994 ||| DRINKING 3 purple potions.
   995 | D:1      | 995 ||| DROPPING potion of flight.
   996 | D:1      | 996 ||| DROPPING 2 potions of brilliance.
  1029 | D:2      | 1029 ||| READING scroll of enchant weapon.
  1029 | D:2      | 1029 ||| ENCHANTING +1 hand axe of chaos.
  1034 | D:2      | 1034 ||| Stepping ~*~*~tactically~*~*~ (stealth).
  1042 | D:2      | Reached XP level 2. HP: 24/24 MP: 2/2
  1044 | D:2      | Reached skill level 4 in Axes
  1060 | D:2      | XOM: noise
  1073 | D:2      | Found Quaxot's Weapon Boutique.
  1079 | D:2      | 1079 ||| SHOPLISTING +0 flail of protection (86 gold, have
                  | 70).
  1079 | D:2      | 1079 ||| BUYING +0 whip (35 gold).
  1079 | D:2      | Bought a +0 whip for 35 gold pieces
  1081 | D:2      | 1081 ||| Stepping ~*~*~tactically~*~*~ (stealth).
  1082 | D:2      | 1082 ||| Stepping ~*~*~tactically~*~*~ (stealth).
  1113 | D:2      | 1113 ||| Stepping ~*~*~tactically~*~*~ (stealth).
  1179 | D:2      | Noticed Terence
  1181 | D:2      | 1181 ||| Stepping ~*~*~tactically~*~*~ (stealth).
  1189 | D:2      | HP: 4/24 [Terence/+0 mace (4)]
  1190 | D:2      | Killed Terence
  1191 | D:2      | Reached XP level 3. HP: 5/29 MP: 3/3
  1420 | D:2      | XOM: give mutations
  1420 | D:2      | Gained mutation: You are frail. (-10% HP) [Xom's mischief]
  1420 | D:2      | Gained mutation: Armour fits poorly on your strangely
                  | shaped body. [Xom's mischief]
  1420 | D:2      | Gained mutation: You occasionally lose the ability to read
                  | scrolls when taking damage. [Xom's mischief]
  1420 | D:2      | Gained mutation: Your muscles are strong. (Str +4, Int/Dex
                  | -1) [Xom's mischief]
  1503 | D:2      | Reached skill level 5 in Axes
  1664 | D:2      | 1664 ||| Stepping ~*~*~tactically~*~*~ (stealth).
  1744 | D:2      | Reached XP level 4. HP: 30/32 MP: 4/4
  1758 | D:2      | 1758 ||| SWAPPING to +1 hand axe of draining.
  1759 | D:2      | 1759 ||| DROPPING +2 hand axe of chaos.
  1793 | D:2      | 1793 ||| Stepping ~*~*~tactically~*~*~ (stealth).
  1794 | D:2      | 1794 ||| Stepping ~*~*~tactically~*~*~ (stealth).
  1888 | D:2      | 1888 ||| Stepping ~*~*~tactically~*~*~ (stealth).
  2182 | D:2      | XOM: summons 1 hostile demon
  2278 | D:2      | 2278 ||| UPGRADING to +3 scale mail of fire resistance.
  2288 | D:2      | 2288 ||| DROPPING +2 leather armour.
  2289 | D:2      | 2289 ||| UPGRADING to +2 hat.
  2294 | D:2      | 2294 ||| READING scroll labelled GUBBAPN HUNELI.
  2295 | D:2      | 2295 ||| READING scroll labelled YPLETO MOHIA.
  2296 | D:2      | 2296 ||| READING scroll labelled NOJIUM MICSY.
  2297 | D:2      | 2297 ||| DRINKING 3 red potions.
  2298 | D:2      | 2298 ||| READING 2 scrolls of identify.
  2298 | D:2      | 2298 ||| IDENTIFYING lumpy yellow potion
  2299 | D:2      | 2299 ||| DROPPING potion of magic.
  2300 | D:2      | 2300 ||| Stepping randomly (stuck).
  2301 | D:2      | 2301 ||| Stepping ~*~*~tactically~*~*~ (cloud).
  2506 | D:3      | 2506 ||| FLEEEEING.
  2507 | D:3      | 2507 ||| FLEEEEING.
  2509 | D:3      | 2509 ||| FLEEEEING.
  2510 | D:3      | 2510 ||| FLEEEEING.
  2511 | D:3      | 2511 ||| FLEEEEING.
  2512 | D:3      | 2512 ||| FLEEEEING.
  2513 | D:3      | 2513 ||| FLEEEEING.
  2515 | D:3      | Reached skill level 6 in Axes
  2522 | D:3      | Reached XP level 5. HP: 21/37 MP: 5/5
  2677 | D:3      | XOM: give mutations
  2677 | D:3      | Gained mutation: Your system is resistant to poisons.
                  | (rPois) [Xom's grace]
  2677 | D:3      | Gained mutation: A frigid envelope surrounds you and
                  | freezes all who hurt you. [Xom's grace]
  2677 | D:3      | Gained mutation: Your flesh is cold resistant. (rC+) [Xom's
                  | grace]
  2750 | D:3      | Found a snail-covered altar of Cheibriados.
  2751 | D:3      | 2751 ||| UPGRADING to +1 helmet.
  2851 | D:3      | 2851 ||| DROPPING +2 hat.
  2855 | D:3      | 2855 ||| Stepping randomly (stuck).
  2856 | D:3      | 2856 ||| Stepping randomly (stuck).
  2857 | D:3      | 2857 ||| Stepping randomly (stuck).
  2858 | D:3      | 2858 ||| Stepping randomly (stuck).
  2951 | D:3      | 2951 ||| Stepping ~*~*~tactically~*~*~ (hiding).
  3115 | D:3      | 3115 ||| DROPPING +0 whip.
  3195 | D:3      | Noticed an ice beast
  3204 | D:3      | an ice beast changed into a worm
  3204 | D:3      | XOM: polymorph ice beast -> worm
  3366 | D:3      | 3366 ||| READING scroll labelled EPNUOG NUHAE.
  3367 | D:3      | 3367 ||| READING 2 scrolls of identify.
  3367 | D:3      | 3367 ||| IDENTIFYING fuming inky potion
  3368 | D:3      | 3368 ||| DROPPING potion of lignification.
  3387 | D:4      | Noticed Edmund
  3395 | D:4      | Killed Edmund
  3396 | D:4      | Reached skill level 7 in Axes
  3396 | D:4      | Reached XP level 6. HP: 42/44 MP: 6/6
  3410 | D:4      | Identified the +8 short sword of Voracious Subterfuge
                  | {drain, rElec rF++ Int+2 Dex-5}
  3428 | D:4      | 3428 ||| Stepping ~*~*~tactically~*~*~ (stealth).
  3430 | D:4      | 3430 ||| Stepping ~*~*~tactically~*~*~ (hiding).
  3431 | D:4      | 3431 ||| Stepping ~*~*~tactically~*~*~ (hiding).
  3432 | D:4      | 3432 ||| Stepping ~*~*~tactically~*~*~ (hiding).
  3433 | D:4      | 3433 ||| Stepping ~*~*~tactically~*~*~ (hiding).
  3434 | D:4      | 3434 ||| Stepping ~*~*~tactically~*~*~ (hiding).
  3467 | D:4      | XOM: scenery: create altars
  3492 | D:4      | 3492 ||| Stepping ~*~*~tactically~*~*~ (stealth).
  3493 | D:4      | 3493 ||| Stepping ~*~*~tactically~*~*~ (stealth).
  3494 | D:4      | 3494 ||| Stepping ~*~*~tactically~*~*~ (stealth).
  3516 | D:4      | 3516 ||| Stepping ~*~*~tactically~*~*~ (hiding).
  3523 | D:4      | Reached skill level 8 in Axes
  3526 | D:4      | Reached XP level 7. HP: 30/49 MP: 7/7
  4017 | D:4      | 4017 ||| Stepping ~*~*~tactically~*~*~ (hiding).
  4025 | D:4      | HP: 10/44 [wight/+3 hand axe (4)]
  4026 | D:4      | 4026 ||| READING scroll of teleportation.
  4026 | D:4      | HP: 4/43 [wight/+3 short sword of freezing (2)]
  4026 | D:4      | Slain by a wight

Levels and vault maps discovered:
D:1:      shiori_arrival_whats_in_store_for_you, layout_loops_corners,
          shapermc_ecumenical_altar_mp_vishouse
D:2:      layout_basic, serial_shops, nicolae_shop_crystal, uniq_terence
D:3:      layout_loops_ring, slow_altar_1
D:4:      cheibrodos_pilgrimage, layout_loops_ring, general_overflow_altar,
          st_stairs_14, minmay_misc_feat_nine_boxes, saegor_snake_ambush,
          uniq_edmund

Skill      XL: |  1  2  3  4  5  6  7 |
---------------+----------------------+-----
Axes           | 4 5 6 7 8 |  8.0
Fighting       | 4 5 |  5.1
Armour         | |  2.4
Dodging        | |  1.6

Action                   |  1- 3 |  4- 6 |  7- 9 || total
-------------------------+-------+-------+-------++-------
Melee: Hand axe          |    45 |    98 |    28 ||   171
       Punch             |       |       |     2 ||     2
Throw: Boomerang         |     1 |    18 |     8 ||    27
Invok: Renounce Religion |     1 |       |       ||     1
  Use: Scroll            |     7 |     6 |     1 ||    14
       Potion            |     2 |     1 |       ||     3
Armor: Leather armour    |    14 |     3 |       ||    17
       Scale mail        |       |    24 |     8 ||    32
Dodge: Dodged            |    22 |    40 |    14 ||    76

Table legend:
 A = Non-vault XP
 B = Vault XP
 C = Vault XP percentage of total XP
 D = Non-vault monster count
 E = Vault monster count
 F = Vault count percentage of total count
                 A         B        C        D         E       F
            +---------+---------+-------+---------+---------+-------
      Total |     408 |     340 |  45.5 |      51 |      12 |  19.0
            +---------+---------+-------+---------+---------+-------
        D:1 |       6 |       0 |   0.0 |       3 |       0 |   0.0
        D:2 |      65 |      36 |  35.6 |      17 |       1 |   5.6
        D:3 |     168 |      18 |   9.7 |      21 |       1 |   4.5
        D:4 |     169 |     286 |  62.9 |      10 |      10 |  50.0
            +---------+---------+-------+---------+---------+-------
